AoeStats
← Okillebo

Black Forest

506238326Analyzed
3v3 RM · 19d ago on Sep 12, 2026· 67m 7s· 6 players
Game mode
Random Map
Map size
Normal (6 player)
Population
200
Speed
Normal
Resources
Standard
Victory
Conquest
Starting age
Dark Age
Ending age
Imperial Age
RankedLock teamsTeams togetherTeam positionsShared explorationLock speedFull tech treeHidden civsTurbo modeCheats
Victory
Defeat
🇫🇷 Italians · France
1020
+11
🇫🇷 Persians · France
893
+17
🇫🇷 Khmer · France
885
+17
🇨🇴 Bulgarians · Colombia
973
-18
🇨🇴 Chinese · Colombia
972
-17
🇪🇸 Japanese · Spain
783
-10
Alosk8
2:12 Loom
13:27 Feudal Age
17:00 Forging
16:55 Scale Barding Armor
21:54 Castle Age
23:32 Stone Mining
23:35 Gold Mining
24:05 Double-Bit Axe
24:57 Stone Shaft Mining
27:18 Gold Shaft Mining
30:45 Horse Collar
34:15 Imperial Age
32:32 Ballistics
32:51 Iron Casting
32:17 Scale Mail Armor
35:24 Heavy Plow
35:45 Fletching
35:56 Padded Archer Armor
39:55 Chemistry
39:40 Bodkin Arrow
40:00 Leather Archer Armor
41:14 Heavy Scorpion
41:20 Pikeman
42:01 Squires
41:46 Arson
44:01 Blast Furnace
43:16 Chain Mail Armor
43:01 Bracer
42:42 Halberdier
45:11 Plate Mail Armor
45:03 Chain Barding Armor
45:25 Wheelbarrow
44:49 Gambesons
45:05 Elite Skirmisher
48:00 Plate Barding Armor
48:07 Crop Rotation
47:51 Bow Saw
48:09 Capped Ram
49:35 Conscription
51:29 Light Cavalry
52:21 Bloodlines
55:08 Onager
59:31 Bagains
josehgx
0:27 Loom
13:19 Feudal Age
22:54 Castle Age
22:56 Gold Mining
26:00 Double-Bit Axe
30:51 Bow Saw
31:54 Wheelbarrow
35:34 Hand Cart
38:14 Pikeman
42:14 Imperial Age
40:01 Stone Mining
40:50 Horse Collar
41:24 Husbandry
42:22 Heavy Scorpion
43:39 Squires
47:02 Halberdier
47:35 Arson
47:36 Cavalier
53:35 Chemistry
57:00 Gold Shaft Mining
59:47 Elite Samurai
DAVIJO90
1:06 Loom
12:58 Feudal Age
14:33 Wheelbarrow
13:46 Double-Bit Axe
18:24 Castle Age
16:40 Horse Collar
20:06 Bow Saw
19:54 Stone Mining
22:52 Hand Cart
23:37 Gold Mining
26:44 Scale Mail Armor
28:42 Gold Shaft Mining
28:46 Heavy Plow
30:03 Padded Archer Armor
33:34 Imperial Age
32:25 Stone Shaft Mining
32:46 Great Wall
33:33 Leather Archer Armor
33:08 Fletching
34:14 Bodkin Arrow
35:36 Two-Man Saw
35:09 Ring Archer Armor
35:07 Conscription
35:58 Elite Chu Ko Nu
38:01 Bracer
38:11 Forging
38:08 Cavalier
39:42 Heavy Rocket Cart
48:00 Husbandry
48:07 Scale Barding Armor
48:38 Iron Casting
48:40 Rocketry
54:51 Chemistry
55:47 Bloodlines
56:00 Chain Barding Armor
56:40 Blast Furnace
62:23 Elite Fire Lancer
62:53 Arson
62:38 Elite Skirmisher
63:13 Pikeman
63:55 Squires
64:10 Halberdier
poilon
7:30 Loom
9:59 Feudal Age
11:31 Double-Bit Axe
11:55 Horse Collar
16:48 Castle Age
15:02 Gold Mining
16:50 Fletching
17:03 Padded Archer Armor
18:11 Bow Saw
20:05 Squires
24:15 Crossbowman
25:34 Pikeman
27:03 Ballistics
28:15 Bodkin Arrow
28:36 Leather Archer Armor
28:46 Thumb Ring
30:31 Stone Mining
30:18 Elite Skirmisher
36:16 Imperial Age
34:27 Wheelbarrow
33:37 Town Watch
34:42 Caravan
36:22 Arbalester
37:05 Bracer
37:35 Ring Archer Armor
38:11 Chemistry
40:51 Stone Shaft Mining
40:19 Heavy Plow
41:21 Two-Man Saw
40:17 Heated Shot
40:53 Bombard Tower
40:47 Pirotechnia
40:58 Conscription
41:01 Silk Road
44:48 Guilds
51:08 Scale Mail Armor
51:18 Forging
52:39 Elite Genoese Crossbowman
53:54 Hoardings
59:14 Chain Mail Armor
59:34 Iron Casting
Okillebo
5:38 Loom
10:58 Feudal Age
19:08 Castle Age
18:31 Double-Bit Axe
18:40 Gold Mining
19:01 Scale Barding Armor
20:24 Bloodlines
23:41 Bow Saw
25:09 Stone Mining
27:14 Forging
29:56 Caravan
30:06 Husbandry
32:37 Pikeman
36:49 Imperial Age
34:22 Fletching
39:09 Two-Man Saw
40:08 Chain Barding Armor
40:24 Iron Casting
40:44 Cavalier
42:23 Gold Shaft Mining
42:27 Stone Shaft Mining
42:59 Conscription
44:58 Wheelbarrow
44:10 Town Watch
44:12 Savar
52:03 Chemistry
51:01 Murder Holes
52:07 Herbal Medicine
52:22 Heavy Scorpion
54:01 Ballistics
53:55 Masonry
62:50 Theocracy
64:40 Plate Barding Armor
65:06 Blast Furnace
Charlon
10:38 Feudal Age
16:46 Castle Age
15:22 Double-Bit Axe
15:33 Horse Collar
17:40 Bow Saw
28:15 Caravan
35:22 Imperial Age
33:43 Wheelbarrow
33:33 Husbandry
33:43 Town Watch
34:46 Ballistics
37:12 Chemistry
38:21 Elite Battle Elephant
40:14 Tusk Swords
42:50 Bloodlines
42:58 Hand Cart
42:38 Gold Mining
43:06 Cavalier
44:18 Siege Engineers
45:24 Gold Shaft Mining
45:06 Heavy Scorpion
48:14 Heavy Plow
48:44 Scale Barding Armor
48:39 Scale Mail Armor
48:49 Forging
48:30 Fletching
48:41 Padded Archer Armor
49:22 Coinage
49:32 Crop Rotation
50:33 Chain Barding Armor
50:28 Chain Mail Armor
50:54 Banking
57:17 Pikeman
58:22 Halberdier
64:08 Plate Barding Armor
64:08 Iron Casting
63:29 Bodkin Arrow
63:49 Leather Archer Armor
Connection lost

Rejoining the realm…

Still unreachable

The connection could not be restored.

Session expired

The server has moved on; the page needs a fresh start.